 Dungeon Crawl Stone Soup version 0.25.0-3-gd7cc5688da (webtiles) character file.

Game seed: 9721535737560321497

79 Esekla the Grasshopper (level 4, -2/40 HPs)
             Began as a Naga Warper on June 15, 2020.
             Slain by a bullfrog (4 damage)
             ... on level 3 of the Dungeon.
             The game lasted 00:14:01 (2075 turns).

Esekla the Grasshopper (Naga Warper)                Turns: 2075, Time: 00:14:02

Health: -2/40      AC:  2    Str: 13    XL:     4   Next: 38%
Magic:  2/7        EV:  9    Int: 14    God:
Gold:   145        SH:  0    Dex: 11    Spells: 3/7 levels left

rFire    . . .     SeeInvis +   a - +0 falchion
rCold    . . .     Gourm    .   (no shield)
rNeg     . . .     Faith    .   b - +0 leather armour
rPois    +         Spirit   .   (no helmet)
rElec    .         Reflect  .   (no cloak)
rCorr    .         Harm     .   (no gloves)
MR       .....                  (no barding)
Stlth    +.........             (no amulet)
HPRegen  0.13/turn              g - ring of wizardry
MPRegen  0.10/turn              (no ring)

@: short of breath, very slow
A: large, see invisible, deformed body, poison resistance, slowness 2, slow
metabolism 1, spit poison 1, AC +1
a: Spit Poison


You were on level 3 of the Dungeon.
You were not hungry.

You visited 1 branch of the dungeon, and saw 3 of its levels.

You collected 145 gold pieces.

Inventory:

Hand Weapons
 a - a +0 falchion (weapon)
 j - a +0 short sword
Missiles
 e - 3 boomerangs of dispersal
 l - 19 poisoned darts (quivered)
Armour
 b - a +0 leather armour (worn)
Jewellery
 g - a ring of wizardry (left hand)
Scrolls
 d - a scroll of blinking
 i - a scroll of identify {unknown}
 m - 3 scrolls of teleportation {unknown}
 n - a scroll of remove curse {unknown}
 o - a scroll of noise {unknown}
 p - a scroll of enchant armour {unknown}
 r - a scroll of enchant weapon {unknown}
Potions
 c - 2 potions of curing {unknown}
 h - 2 potions of ambrosia {unknown}
 k - a potion of stabbing {unknown}
 q - a potion of brilliance {unknown}
Comestibles
 f - 6 rations


   Skills:
 * Level 2.7 Fighting
 * Level 2.9 Long Blades
 - Level 0.8 Throwing
 + Level 1.2 Armour
 + Level 1.7 Dodging
 + Level 0.4 Stealth
 + Level 2.2 Spellcasting
 * Level 0.8 Charms
 + Level 3.2 Translocations


You had 3 spell levels left.
You knew the following spells:

 Your Spells              Type           Power        Failure   Level  Hunger
a - Shroud of Golubria    Chrm/Tloc      #.....       8%          2    ###....
b - Blink                 Tloc           N/A          4%          2    ###....

Your spell library contained the following spells:

 Spells                   Type           Power        Failure   Level  Hunger
 Gell's Gravitas          Tloc           ##........   10%         3    ###....
 Lesser Beckoning         Tloc           ##........   10%         3    ###....
 Teleport Other           Tloc           ##......     10%         3    ###....
 Passage of Golubria      Tloc           N/A          30%         4    #####..


Dungeon Overview and Level Annotations

Branches:
Dungeon (3/15)

Altars:


Innate Abilities, Weirdness & Mutations

You cannot wear boots.
Your serpentine skin is tough. (AC +1)
You have supernaturally acute eyesight. (SInv)
Armour fits poorly on your strangely shaped body.
Your system is resistant to poisons. (rPois)
You cover ground very slowly.
You have a slow metabolism.
You can spit poison.


Message History

The bullfrog is almost dead.
The bullfrog closely misses you. The bullfrog misses you.
You closely miss the bullfrog.
The bullfrog is almost dead.
The bullfrog hits you.
* * * LOW HITPOINT WARNING * * *
Your shroud falls apart!
The bullfrog completely misses you.
You barely miss the bullfrog.
The bullfrog is almost dead.
The bullfrog looks more healthy.
The bullfrog closely misses you.
You riposte.
You closely miss the bullfrog.
The bullfrog is almost dead.
The bullfrog hits you.
* * * LOW HITPOINT WARNING * * *
Press: ? - help, Shift-Dir - straight line, f/p - bullfrog
Aim: a bullfrog (almost dead)
The splash of poison misses the bullfrog.
You feel slightly more hungry. The bullfrog hits you.
You die...

##### #...# #.>.# #..@#
#.[F######## #####
#........... #...##
#...#####...
####....######...####.
#.....#...†...........#
#........(.......###...
#..(....##.###..## .
#......###.# #..#


You could see a bullfrog.

Vanquished Creatures
  2 adders (D:2)
  2 oozes
  2 dart slugs (D:1)
  A leopard gecko (D:3)
  4 bats
  A giant cockroach (D:3)
  11 hobgoblins
  3 jackals (D:2)
  A frilled lizard (D:1)
  7 goblins
  5 kobolds
  3 rats
42 creatures vanquished.

Notes
Turn   | Place    | Note
-------+----------+-------------------------------------------
     0 | D:1      | Esekla the Naga Warper began the quest for the Orb.
     0 | D:1      | Reached XP level 1. HP: 19/19 MP: 3/3
   475 | D:1      | Reached skill level 1 in Armour
   475 | D:1      | Reached XP level 2. HP: 26/26 MP: 5/5
   479 | D:1      | Learned a level 2 spell: Shroud of Golubria
   482 | D:1      | Learned a level 2 spell: Blink
  1169 | D:2      | Reached XP level 3. HP: 22/33 MP: 3/6
  1549 | D:2      | Reached XP level 4. HP: 40/40 MP: 5/7
  2061 | D:3      | Noticed a bullfrog
  2074 | D:3      | HP: 2/40 [bullfrog (6)]
  2075 | D:3      | Slain by a bullfrog

Illustrated notes

Levels and vault maps discovered:
D:1:      dpeg_arrival_radiant, layout_basic
D:2:      layout_loops_cross, first_ration
D:3:      layout_rooms, lemuel_zombie_altar_yredelemnul, uniq_sigmund,
          uniq_robin

Skill      XL: |  1 |
---------------+----+-----
Armour         | 1 |  1.2
Fighting       | |  2.7
Long Blades    | |  2.9
Throwing       | |  0.8
Dodging        | |  1.7
Stealth        | |  0.4
Spellcasting   | |  2.2
Charms         | |  0.8
Translocations | |  3.2

Action                   |  1- 3 |  4- 6 || total
-------------------------+-------+-------++-------
Melee: Falchion          |    56 |    39 ||    95
Throw: Boomerang         |     2 |       ||     2
       Dart              |     1 |       ||     1
 Cast: Shroud of Golubri |     9 |     8 ||    17
 Abil: Spit Poison       |    27 |    12 ||    39
 Stab: Sleeping          |     1 |       ||     1
  Eat: Chunk             |     2 |     4 ||     6
Armor: Leather armour    |    14 |    11 ||    25
Dodge: Dodged            |    49 |    38 ||    87
       Rpst.: Falchion   |    13 |    12 ||    25
